[Event "Tuesday Night Engine Tour 13 Rd Swiss 5m+1s Starts at 2200hrs"]
[Site "Infinity Chess"]
[Date "2018.1.31"]
[Round "12"]
[White "star99"]
[Black "RonWeasley"]
[Result "1/2-1/2"]
[ECO "E20"]
[WhiteElo "2460"]
[BlackElo "2547"]
[WhiteEngine "Cryptic AIL V2"]
[BlackEngine "BrainFish 060118_CTG"]
[EventType "Swiss"]
[WhiteTeam ""]
[BlackTeam ""]
[PlyCount "73"]
[TimeControl "300+1"]

1. d4 Nf6 2. c4 e6 3. Nc3 d5 4. Nf3 c6 5. Bg5 h6 6. Bh4 dxc4 7. e4 g5 8. Bg3 b5 
9. Ne5 Bb7 10. h4 g4 11. Be2 Nbd7 12. Bxg4 Nxe5 13. Bxe5 Rg8 14. Bf3 Nd7 
15. Bg3 Qb6 16. O-O O-O-O 17. Kh1 Rxg3 18. fxg3 Ne5 19. Ne2 c5 20. dxc5 Rxd1 
21. cxb6 Rd2 22. Bh5 axb6 23. Bxf7 Nxf7 24. Rxf7 Bc5 25. Nf4 Rxb2 26. Nxe6 Bxe4 
27. Nxc5 bxc5 28. Re1 Rb1 29. Rff1 Rxe1 30. Rxe1 Bd3 31. Re5 Kd7 32. Rxc5 b4 
33. Kg1 Kd6 34. Rc8 Kd7 35. Rc5 Kd6 36. Rc8 Kd7 37. Rc5 1/2-1/2

[Event "Tuesday Night Engine Tour 13 Rd Swiss 5m+1s Starts at 2200hrs"]
[Site "Infinity Chess"]
[Date "2018.1.31"]
[Round "12"]
[White "MarioDeMonti"]
[Black "Time_bandit"]
[Result "1/2-1/2"]
[ECO "C55"]
[WhiteElo "2522"]
[BlackElo "2546"]
[WhiteEngine "stockfish_x64_bmi2_2018_01_23_CTG"]
[BlackEngine "asmfish-popcnt-012018-W"]
[EventType "Swiss"]
[WhiteTeam ""]
[BlackTeam ""]
[PlyCount "78"]
[TimeControl "300+1"]

1. e4 e5 2. Nf3 Nc6 3. Bc4 Nf6 4. d3 Bc5 5. c3 d6 6. O-O a5 7. Re1 h6 8. h3 O-O 
9. Nbd2 a4 10. Bb5 Bd7 11. Nf1 Ne7 12. Bxd7 Qxd7 13. Ng3 Bb6 14. d4 Rfe8 
15. Be3 Qb5 16. Rb1 exd4 17. Bxd4 Nd7 18. a3 Rad8 19. Qc2 Nc6 20. Nf5 Nce5 
21. Bxe5 dxe5 22. Rbd1 Nf6 23. Ne7+ Kf8 24. Nd5 Nxd5 25. exd5 e4 26. c4 Qb3 
27. Qxb3 axb3 28. Nd4 c6 29. Nxb3 cxd5 30. cxd5 Re5 31. Kf1 Rdxd5 32. Rxd5 Rxd5 
33. Rxe4 Rd1+ 34. Re1 Rd3 35. Nc1 Rd2 36. Re2 Rd1+ 37. Re1 Rd2 38. Re2 Rd1+ 
39. Re1 Rd2 1/2-1/2

[Event "Tuesday Night Engine Tour 13 Rd Swiss 5m+1s Starts at 2200hrs"]
[Site "Infinity Chess"]
[Date "2018.1.31"]
[Round "12"]
[White "SkyPilot"]
[Black "incredible"]
[Result "1/2-1/2"]
[ECO "C53"]
[WhiteElo "2497"]
[BlackElo "2509"]
[WhiteEngine "stockfish_x64_bmi2_2018_01_23_CTG"]
[BlackEngine "Stockfish_x64_bmi2"]
[EventType "Swiss"]
[WhiteTeam ""]
[BlackTeam ""]
[PlyCount "115"]
[TimeControl "300+1"]

1. e4 e5 2. Nf3 Nc6 3. Bc4 Bc5 4. c3 Nf6 5. d3 a6 6. O-O Ba7 7. Re1 d6 8. a4 Ng4 
9. Rf1 Nf6 10. b4 Qe7 11. Na3 h6 12. Nc2 Be6 13. Bxe6 Qxe6 14. Be3 Bxe3 
15. Nxe3 O-O 16. Re1 Ne7 17. Qc2 Ng4 18. d4 Nxe3 19. Rxe3 Ng6 20. g3 Rad8 
21. Qe2 Qg4 22. Ne1 Qxe2 23. Rxe2 exd4 24. cxd4 Rfe8 25. Rc1 c5 26. dxc5 dxc5 
27. Rxc5 Rd4 28. Nc2 Rdxe4 29. Rxe4 Rxe4 30. f4 Ne7 31. Kf2 g6 32. a5 Kf8 
33. Rc7 Nd5 34. Rxb7 Rc4 35. Ne1 Rxb4 36. Rxb4 Nxb4 37. Ke3 Nc6 38. Nd3 Nxa5 
39. Nc5 Nc4+ 40. Kd3 Nb2+ 41. Kc2 Nc4 42. Kd3 Na5 43. Nxa6 Ke7 44. h3 h5 
45. g4 hxg4 46. hxg4 Kd6 47. f5 g5 48. Ke4 Nc4 49. f6 Ke6 50. Nc5+ Kxf6 
51. Kd4 Nb2 52. Ke4 Nd1 53. Nd7+ Kg7 54. Nc5 f6 55. Nb7 f5+ 56. gxf5 Kf6 
57. Nd6 Ke7 58. Ke5 1/2-1/2

[Event "Tuesday Night Engine Tour 13 Rd Swiss 5m+1s Starts at 2200hrs"]
[Site "Infinity Chess"]
[Date "2018.1.31"]
[Round "11"]
[White "KillBill2017"]
[Black "Coco69"]
[Result "1/2-1/2"]
[ECO "D30"]
[WhiteElo "2446"]
[BlackElo "2492"]
[WhiteEngine "Raubfisch ME262_GTZ16b4_CTG"]
[BlackEngine "Raubfisch X37c_CTG"]
[EventType "Swiss"]
[WhiteTeam ""]
[BlackTeam ""]
[PlyCount "79"]
[TimeControl "300+1"]

1. d4 d5 2. c4 e6 3. Nf3 Nf6 4. Nc3 c6 5. Bg5 h6 6. Bxf6 Qxf6 7. e3 Nd7 
8. Be2 g6 9. O-O Bg7 10. e4 dxe4 11. Nxe4 Qf4 12. Qc2 f5 13. Ned2 c5 14. g3 Qd6 
15. Nh4 Kf7 16. d5 e5 17. Rae1 h5 18. Kg2 Nf6 19. b4 b6 20. bxc5 bxc5 
21. Ndf3 Nh7 22. Bd3 Re8 23. Nxf5 gxf5 24. Bxf5 Bxf5 25. Qxf5+ Kg8 26. Qxh5 e4 
27. Nh4 Re5 28. Qg4 Ng5 29. f3 Nxf3 30. Nxf3 exf3+ 31. Qxf3 Rf8 32. Qg4 Rfe8 
33. Rxe5 Qxe5 34. h4 Qe2+ 35. Qxe2 Rxe2+ 36. Rf2 Re4 37. Rf4 Re2+ 38. Rf2 Re4 
39. Rf4 Re2+ 40. Rf2 1/2-1/2

[Event "Tuesday Night Engine Tour 13 Rd Swiss 5m+1s Starts at 2200hrs"]
[Site "Infinity Chess"]
[Date "2018.1.31"]
[Round "11"]
[White "BraveDevil"]
[Black "localhero"]
[Result "1/2-1/2"]
[ECO "C65"]
[WhiteElo "2419"]
[BlackElo "2488"]
[WhiteEngine "Cryptic AIL V2"]
[BlackEngine "asmfish-popcnt-012018-W"]
[EventType "Swiss"]
[WhiteTeam ""]
[BlackTeam ""]
[PlyCount "146"]
[TimeControl "300+1"]

1. e4 e5 2. Nf3 Nc6 3. Bb5 Nf6 4. O-O d6 5. c3 Nxe4 6. d4 Bd7 7. Re1 Nf6 
8. Nbd2 Be7 9. Bxc6 Bxc6 10. dxe5 dxe5 11. Nxe5 Bd5 12. c4 Be6 13. Qb3 Nd7 
14. Ndf3 Nc5 15. Qe3 O-O 16. Nd4 Bd7 17. Qg3 Bh4 18. Qf3 Bf6 19. Bf4 Ba4 
20. Qc3 Qd6 21. Nf5 Qe6 22. Nd4 Qd6 23. Nf5 Qe6 24. Ne3 g5 25. Bg3 Ne4 
26. Qa5 Bc6 27. Nd5 Bxd5 28. cxd5 Qf5 29. Nc4 b6 30. Qb5 Nxg3 31. hxg3 Bd4 
32. Ne3 Bxe3 33. Rxe3 Rad8 34. Rd1 Rd6 35. Re7 c6 36. Qe2 Rxd5 37. Rxd5 Qxd5 
38. Rxa7 Rd8 39. b3 c5 40. g4 Kg7 41. Kh2 Qd6+ 42. g3 Qd5 43. Qb2+ Qd4 
44. Qe2 Qd5 45. Re7 Rd6 46. Kg1 Qd4 47. Re8 Rd8 48. Rxd8 Qxd8 49. Kg2 Qd4 
50. f3 Kg6 51. Kh3 Qc3 52. Kg2 Kg7 53. Kf2 Qd4+ 54. Kf1 Kf8 55. Kg2 Kg7 
56. Kf1 h6 57. Kg2 Qc3 58. Kh2 b5 59. Qxb5 Qxf3 60. Qxc5 Qxg4 61. Qc3+ Kg6 
62. Qd3+ f5 63. Kg1 h5 64. Qd6+ Kf7 65. Kf2 Qe4 66. Qd7+ Kf6 67. Qd6+ Qe6 
68. Qxe6+ Kxe6 69. a4 h4 70. gxh4 gxh4 71. b4 Kd7 72. b5 Kc8 73. Kf3 Kb7 1/2-1/2

[Event "Tuesday Night Engine Tour 13 Rd Swiss 5m+1s Starts at 2200hrs"]
[Site "Infinity Chess"]
[Date "2018.1.31"]
[Round "11"]
[White "incredible"]
[Black "star99"]
[Result "1/2-1/2"]
[ECO "D30"]
[WhiteElo "2511"]
[BlackElo "2458"]
[WhiteEngine "Stockfish_x64_bmi2"]
[BlackEngine "Cryptic AIL V2"]
[EventType "Swiss"]
[WhiteTeam ""]
[BlackTeam ""]
[PlyCount "313"]
[TimeControl "300+1"]

1. d4 d5 2. c4 e6 3. Nf3 Nf6 4. Nc3 c6 5. Bg5 h6 6. Bxf6 Qxf6 7. e3 Qd8 
8. Bd3 Be7 9. O-O O-O 10. Rc1 Nd7 11. Qc2 dxc4 12. Bxc4 b5 13. Be2 Bb7 
14. Rfd1 Qb6 15. Ne4 Rac8 16. Nc5 Nxc5 17. dxc5 Qc7 18. b4 a5 19. a3 a4 
20. g3 Rcd8 21. Nd4 Rfe8 22. Qe4 Bf6 23. h4 Rd5 24. Rd2 h5 25. Bf3 g6 
26. Rcd1 Kg7 27. Bg2 Red8 28. f4 R5d7 29. Kh2 Ba8 30. Qb1 Bb7 31. Nf3 Rd5 
32. Qc1 Bc8 33. Nd4 Bxd4 34. Rxd4 Rxd4 35. Rxd4 Rxd4 36. exd4 Qd7 37. Qe3 f6 
38. Kg1 Bb7 39. Kf2 Kf7 40. Kg1 Kf8 41. Qd3 Qe8 42. Kh2 Kg8 43. Qf3 Kf7 
44. Qf2 Qc8 45. Kg1 Kg7 46. Kh2 Qd8 47. Bf3 Qc7 48. Be4 Qf7 49. Qe3 Qd7 
50. Kg1 Bc8 51. Qf2 Kh7 52. Kg2 Kg7 53. Kh2 Kh6 54. Bg2 Bb7 55. Kg1 Kg7 
56. Qe3 Qe8 57. Be4 Qd7 58. Kh2 Qf7 59. Qe2 Qd7 60. Qe3 Qe8 61. Bd3 Bc8 
62. f5 gxf5 63. Bxf5 Bd7 64. Bd3 Qh8 65. Kg2 Qh6 66. Qxh6+ Kxh6 67. Kf3 Be8 
68. Kf4 Kg7 69. Ke3 Kf7 70. Be4 Bd7 71. Bf3 Kg6 72. Ke4 Be8 73. Bd1 Kg7 
74. Bf3 Kh6 75. Kf4 Kg6 76. Ke3 Kg7 77. Be2 Kg6 78. Bf1 Kf7 79. Ke4 Bd7 
80. Kf4 Kg8 81. Be2 Be8 82. Ke3 Kg7 83. Bf3 Kg6 84. Be4+ Kf7 85. Bf3 Kf8 
86. Kf4 Ke7 87. Ke3 Kf8 88. Be4 Kg7 89. Kd2 Kh8 90. Kd3 Kg8 91. Bf3 Kf8 
92. Kc3 Kg8 93. Kc2 Bg6+ 94. Kc1 Be8 95. Bg2 Kg7 96. Kd2 Kg6 97. Be4+ Kf7 
98. Bf3 Kg6 99. Be2 Bd7 100. Kd1 Kh6 101. Bf1 Kg7 102. Kc2 Kg6 103. Kd3 Kf7 
104. Be2 Kg6 105. Ke3 Be8 106. g4 hxg4 107. Bxg4 Bd7 108. Bf3 Kf7 109. Kf2 Kg7 
110. Be2 Be8 111. Bd1 Kg6 112. Bg4 Bd7 113. Bf3 Be8 114. Be2 Bd7 115. Bd1 Kh6 
116. Be2 Kh7 117. Bd1 Kg6 118. Bg4 Kf7 119. Ke3 Kg6 120. Bf3 Be8 121. Kd2 Kf5 
122. Bd1 Kf4 123. Be2 Kf5 124. Bd1 Kg6 125. Bf3 Bd7 126. Be2 Kh6 127. Kc3 Be8 
128. Bf3 Kg6 129. Bg4 Kf7 130. Bh5+ Ke7 131. Be2 Kf7 132. Bg4 Bd7 133. Be2 Kg6 
134. Kd3 Kh6 135. Bf3 Kg7 136. Kc2 Kg6 137. Kd2 Kh6 138. Bg4 Kg6 139. Bf3 Kg7 
140. Bd1 Kf8 141. Ke3 Be8 142. Bg4 Kf7 143. Kf4 Bd7 144. Be2 Kg7 145. Kf3 Kg6 
146. Ke4 Kg7 147. Bh5 Kh6 148. Be2 Kg7 149. Ke3 Kg6 150. Bg4 Kf7 151. Bh5+ Kf8 
152. Bg4 Kf7 153. Bh5+ Kf8 154. Bg6 Be8 155. Be4 Kg7 156. Kf4 Kh6 157. Bc2 
1/2-1/2

[Event "Tuesday Night Engine Tour 13 Rd Swiss 5m+1s Starts at 2200hrs"]
[Site "Infinity Chess"]
[Date "2018.1.31"]
[Round "11"]
[White "Victorious"]
[Black "MGR"]
[Result "1/2-1/2"]
[ECO "E32"]
[WhiteElo "2530"]
[BlackElo "2525"]
[WhiteEngine "BugChess2.41_Release"]
[BlackEngine "asmFishW_2017-08-25_bmi2"]
[EventType "Swiss"]
[WhiteTeam ""]
[BlackTeam ""]
[PlyCount "35"]
[TimeControl "300+1"]

1. d4 Nf6 2. c4 e6 3. Nc3 Bb4 4. Qc2 O-O 5. e4 d6 6. Bd3 c5 7. e5 Nfd7 
8. a3 Bxc3+ 9. bxc3 dxe5 10. Bxh7+ Kh8 11. Nf3 exd4 12. Ng5 Nf6 13. Be4 Nc6 
14. O-O Kg8 15. Bh7+ Kh8 16. Be4 Kg8 17. Bh7+ Kh8 18. Be4 1/2-1/2

[Event "Tuesday Night Engine Tour 13 Rd Swiss 5m+1s Starts at 2200hrs"]
[Site "Infinity Chess"]
[Date "2018.1.31"]
[Round "11"]
[White "Ryzen"]
[Black "MarioDeMonti"]
[Result "1/2-1/2"]
[ECO "A08"]
[WhiteElo "2465"]
[BlackElo "2524"]
[WhiteEngine "Houdini 6"]
[BlackEngine "stockfish_x64_bmi2_2018_01_23_CTG"]
[EventType "Swiss"]
[WhiteTeam ""]
[BlackTeam ""]
[PlyCount "106"]
[TimeControl "300+1"]

1. Nf3 d5 2. g3 c5 3. Bg2 Nf6 4. O-O e6 5. c4 d4 6. d3 Nc6 7. e3 Bd6 
8. exd4 cxd4 9. Na3 O-O 10. Nc2 e5 11. b4 a6 12. a4 Re8 13. Re1 Bf5 14. Ba3 Rc8 
15. Nh4 Bg4 16. Qd2 b5 17. axb5 axb5 18. Bb2 Qd7 19. cxb5 Ne7 20. Ra6 Rb8 
21. f4 exf4 22. gxf4 Ned5 23. Rxe8+ Rxe8 24. Bxd4 Bxf4 25. Qf2 Nh5 26. Ra7 Qd8 
27. Nf3 Nhf6 28. b6 Be6 29. Qh4 Qc8 30. Nfe1 Bb8 31. Ra5 Qd7 32. Rc5 Bd6 
33. Nf3 Qa4 34. Nfe1 h6 35. Ra5 Qd7 36. Nf3 Nf4 37. Bxf6 gxf6 38. Nfd4 Nxg2 
39. Kxg2 Qb7+ 40. Kg1 Qxb6 41. Qxh6 Be5 42. Qh4 Rc8 43. Qf2 Bg4 44. Rd5 Be6 
45. Ra5 Bh3 46. Qe3 Bxd4 47. Nxd4 Qxb4 48. Rb5 Qa4 49. Qg3+ Kf8 50. Qd6+ Kg7 
51. Qg3+ Kf8 52. Qd6+ Kg7 53. Qg3+ Kf8 1/2-1/2

[Event "Tuesday Night Engine Tour 13 Rd Swiss 5m+1s Starts at 2200hrs"]
[Site "Infinity Chess"]
[Date "2018.1.31"]
[Round "11"]
[White "Time_bandit"]
[Black "SkyPilot"]
[Result "1/2-1/2"]
[ECO "A46"]
[WhiteElo "2548"]
[BlackElo "2495"]
[WhiteEngine "asmfish-popcnt-012018-W"]
[BlackEngine "stockfish_x64_bmi2_2018_01_23_CTG"]
[EventType "Swiss"]
[WhiteTeam ""]
[BlackTeam ""]
[PlyCount "68"]
[TimeControl "300+1"]

1. d4 Nf6 2. Nf3 d5 3. e3 c5 4. c4 e6 5. a3 h6 6. h3 dxc4 7. Bxc4 a6 8. O-O cxd4 
9. Nxd4 b5 10. Be2 Bb7 11. a4 b4 12. b3 Be7 13. Bb2 Nbd7 14. Bf3 Nd5 15. Nd2 Nc5 
16. Qc2 O-O 17. Rac1 Rc8 18. Qb1 Bf6 19. Rc4 Rc7 20. Rfc1 Qd6 21. Ne4 Nxe4 
22. Bxe4 Rfc8 23. Qd3 Qd7 24. Rxc7 Rxc7 25. Rxc7 Qxc7 26. Bxd5 Bxd5 
27. Qxa6 Bxd4 28. Bxd4 Qc1+ 29. Qf1 Qa3 30. Qb5 Qc1+ 31. Kh2 Qc7+ 32. Kg1 Qc1+ 
33. Kh2 Qc7+ 34. Kg1 Qc1+ 1/2-1/2

[Event "Tuesday Night Engine Tour 13 Rd Swiss 5m+1s Starts at 2200hrs"]
[Site "Infinity Chess"]
[Date "2018.1.31"]
[Round "11"]
[White "MCDermont"]
[Black "Dovahkiin"]
[Result "1/2-1/2"]
[ECO "C53"]
[WhiteElo "2566"]
[BlackElo "2489"]
[WhiteEngine "BrainFish 060118_CTG"]
[BlackEngine "BrainFish_180128_x64_modern_CTG"]
[EventType "Swiss"]
[WhiteTeam ""]
[BlackTeam ""]
[PlyCount "108"]
[TimeControl "300+1"]

1. e4 e5 2. Nf3 Nc6 3. Bc4 Bc5 4. c3 Nf6 5. d3 d6 6. Bb3 O-O 7. O-O a5 8. Bg5 h6 
9. Bh4 g5 10. Bg3 g4 11. Nh4 Nh5 12. a4 Qg5 13. Na3 Bd7 14. Re1 Nxg3 
15. hxg3 Qf6 16. Rf1 h5 17. Kh2 Qg7 18. Nc2 Rae8 19. Ne3 Ne7 20. Qc2 Rd8 
21. Rae1 c6 22. f3 gxf3 23. gxf3 Kh7 24. f4 Bxe3 25. Rxe3 Ng8 26. Kg2 Nh6 
27. fxe5 dxe5 28. Ref3 f6 29. Qd2 Bg4 30. R3f2 Bc8 31. Rf3 Bg4 32. R3f2 Bc8 
33. Qe2 Ng4 34. Rf3 Qg5 35. Bc4 Bd7 36. Kh1 b5 37. axb5 cxb5 38. Bd5 Rb8 
39. d4 b4 40. dxe5 bxc3 41. Rxc3 Qxe5 42. Nf3 Qd6 43. Nh2 Kg7 44. Nxg4 hxg4 
45. Kg1 Qe5 46. Qd2 Rfc8 47. Bc4 Rd8 48. Rd3 Be6 49. Rxd8 Rxd8 50. Qxd8 Qxg3+ 
51. Kh1 Qh3+ 52. Kg1 Qg3+ 53. Kh1 Qh3+ 54. Kg1 Qg3+ 1/2-1/2

[Event "Tuesday Night Engine Tour 13 Rd Swiss 5m+1s Starts at 2200hrs"]
[Site "Infinity Chess"]
[Date "2018.1.31"]
[Round "10"]
[White "KULLANI"]
[Black "koalachess"]
[Result "1-0"]
[ECO "A46"]
[WhiteElo "2487"]
[BlackElo "2288"]
[WhiteEngine "BrainFish_180124_x64_CTG"]
[BlackEngine "asmFishW_2017-11-19_popcnt_CTG"]
[EventType "Swiss"]
[WhiteTeam ""]
[BlackTeam ""]
[PlyCount "139"]
[TimeControl "300+1"]

1. d4 Nf6 2. Nf3 d5 3. e3 e6 4. b3 c5 5. Bb2 Nc6 6. Bd3 Bd6 7. O-O O-O 8. a3 b6 
9. Nbd2 Bb7 10. Ne5 a5 11. f4 Ne7 12. a4 Nf5 13. Rf3 h5 14. Qe2 g6 15. Rh3 cxd4 
16. g4 hxg4 17. Nxg4 Nxg4 18. Qxg4 Bc5 19. Re1 Kg7 20. Nf3 Qf6 21. Bxf5 Qxf5 
22. Qxf5 gxf5 23. Nxd4 Kf6 24. Nc6+ d4 25. exd4 Rg8+ 26. Kf2 Ba3 27. Bxa3 Bxc6 
28. Ree3 Rg2+ 29. Ke1 Rag8 30. Rh6+ R8g6 31. Rxg6+ Kxg6 32. Re2 Rg1+ 33. Kd2 b5 
34. axb5 Bxb5 35. c4 Bc6 36. Re5 Rb1 37. d5 exd5 38. cxd5 Bb5 39. Kc3 f6 
40. Re7 Rd1 41. d6 Rd3+ 42. Kc2 Rd5 43. Ra7 Be2 44. Rc7 Kh5 45. Kb2 Rd1 
46. Bc5 Kg4 47. Ra7 Bd3 48. Rxa5 Kxf4 49. b4 Be4 50. b5 Ke5 51. Ra7 f4 
52. b6 Kf5 53. b7 Ke6 54. Kc3 Bxb7 55. Rxb7 Kd5 56. Rc7 Ke4 57. Re7+ Kd5 
58. Kc2 Ra1 59. d7 Ra2+ 60. Kd3 Ra8 61. Re8 Rxe8 62. dxe8=Q Kxc5 63. Qd8 f5 
64. Qf8+ Kb5 65. Kd4 f3 66. Qc5+ Ka6 67. Qc7 Kb5 68. Qb7+ Ka4 69. Kc4 f2 
70. Qb4# 1-0

[Event "Tuesday Night Engine Tour 13 Rd Swiss 5m+1s Starts at 2200hrs"]
[Site "Infinity Chess"]
[Date "2018.1.31"]
[Round "10"]
[White "Coco69"]
[Black "star99"]
[Result "1/2-1/2"]
[ECO "C55"]
[WhiteElo "2494"]
[BlackElo "2456"]
[WhiteEngine "Raubfisch X37c_CTG"]
[BlackEngine "Cryptic AIL V2"]
[EventType "Swiss"]
[WhiteTeam ""]
[BlackTeam ""]
[PlyCount "148"]
[TimeControl "300+1"]

1. e4 e5 2. Nf3 Nc6 3. Bc4 Nf6 4. d3 Be7 5. O-O d6 6. c3 O-O 7. a4 a6 8. a5 Be6 
9. Bxe6 fxe6 10. Re1 Rb8 11. Nbd2 Qe8 12. Qb3 Nd8 13. Ng5 Qb5 14. Qxb5 axb5 
15. b4 Nd7 16. Nb3 c5 17. bxc5 dxc5 18. Be3 Ra8 19. Reb1 h6 20. Nf3 Nc6 
21. Nbd2 b4 22. cxb4 cxb4 23. Nb3 Rfc8 24. Kf1 Nd8 25. Nfd2 Kf7 26. Nc4 Nc6 
27. g3 g5 28. h4 gxh4 29. gxh4 h5 30. Rc1 Ra6 31. Ke2 Rg8 32. Rg1 Kf8 
33. Rxg8+ Kxg8 34. Rd1 Kh8 35. d4 exd4 36. Bxd4+ Nxd4+ 37. Rxd4 Nb8 38. e5 Kh7 
39. f4 Kg6 40. Rd1 Kf7 41. Rd4 Kg6 42. Rd1 Kf7 43. Kd3 Ke8 44. Rg1 Kf7 
45. Rd1 Ke8 46. Rc1 Kf7 47. Ke4 Rc6 48. f5 exf5+ 49. Kxf5 Ke8 50. Nd4 Rc5 
51. Ke4 Na6 52. Ne6 Rb5 53. Ng7+ Kf7 54. Nf5 Rc5 55. Kd4 Ke6 56. Nxe7 Kxe7 
57. Rg1 Rb5 58. Nd6 Rxa5 59. Nxb7 Ra4 60. Rg6 Ra1 61. Rg7+ Kf8 62. Rg6 Ke7 
63. Nd6 Rd1+ 64. Kc4 Rc1+ 65. Kd4 Rd1+ 66. Kc4 Rc1+ 67. Kb3 Nc5+ 68. Kxb4 Nd3+ 
69. Ka4 Nxe5 70. Rh6 Rf1 71. Nc8+ Kd8 72. Rxh5 Kxc8 73. Rxe5 Rf4+ 74. Ka3 Rxh4 
1/2-1/2

[Event "Tuesday Night Engine Tour 13 Rd Swiss 5m+1s Starts at 2200hrs"]
[Site "Infinity Chess"]
[Date "2018.1.31"]
[Round "10"]
[White "MarioDeMonti"]
[Black "BraveDevil"]
[Result "1-0"]
[ECO "D15"]
[WhiteElo "2511"]
[BlackElo "2432"]
[WhiteEngine "stockfish_x64_bmi2_2018_01_23_CTG"]
[BlackEngine "Cryptic AIL V2"]
[EventType "Swiss"]
[WhiteTeam ""]
[BlackTeam ""]
[PlyCount "159"]
[TimeControl "300+1"]

1. d4 d5 2. c4 c6 3. Nf3 Nf6 4. Nc3 e6 5. Bg5 h6 6. Bxf6 Qxf6 7. e3 Qd8 
8. Bd3 Be7 9. Qc2 O-O 10. O-O b6 11. cxd5 cxd5 12. Ne5 Bb7 13. f4 Nc6 
14. Qf2 Bb4 15. Ne2 Bd6 16. a3 g6 17. Qg3 Ne7 18. Qh3 Kg7 19. g4 Nc6 20. Rf2 a5 
21. Raf1 Nxe5 22. dxe5 Bc5 23. Nd4 Bxd4 24. exd4 f5 25. exf6+ Qxf6 26. Re1 Qxd4 
27. g5 h5 28. Rxe6 Rxf4 29. Rxg6+ Kf8 30. Qh4 Qxf2+ 31. Qxf2 Rxf2 32. Kxf2 Ba6 
33. Rh6 Kg7 34. Bxa6 Rxa6 35. h4 Ra8 36. Rxh5 Rf8+ 37. Ke3 Re8+ 38. Kd3 Re4 
39. Rh6 Rg4 40. h5 b5 41. Rd6 d4 42. h6+ Kh7 43. Rd7+ Kh8 44. Rg7 b4 
45. axb4 Rg3+ 46. Kxd4 Rb3 47. g6 Rxb4+ 48. Kc3 Rg4 49. Ra7 Rxg6 50. Rxa5 Rc6+ 
51. Kd4 Rb6 52. Ra2 Rb8 53. Kc5 Rc8+ 54. Kb5 Kh7 55. b4 Rb8+ 56. Kc5 Rc8+ 
57. Kd6 Rb8 58. Rb2 Rd8+ 59. Kc7 Rd3 60. b5 Rc3+ 61. Kb8 Kxh6 62. b6 Kg5 
63. b7 Kf4 64. Ka7 Rc7 65. Ka8 Rxb7 66. Kxb7 Ke3 67. Rb4 Kd2 68. Kc6 Kd3 
69. Kc5 Ke3 70. Kd5 Kd2 71. Kd4 Ke2 72. Rb3 Kf2 73. Ke4 Ke2 74. Rb2+ Kd1 
75. Kd3 Ke1 76. Ra2 Kf1 77. Ke3 Kg1 78. Kf3 Kh1 79. Kg3 Kg1 80. Ra1# 1-0

[Event "Tuesday Night Engine Tour 13 Rd Swiss 5m+1s Starts at 2200hrs"]
[Site "Infinity Chess"]
[Date "2018.1.31"]
[Round "10"]
[White "Time_bandit"]
[Black "Ryzen"]
[Result "1-0"]
[ECO "A81"]
[WhiteElo "2534"]
[BlackElo "2479"]
[WhiteEngine "asmfish-popcnt-012018-W"]
[BlackEngine "Houdini 6"]
[EventType "Swiss"]
[WhiteTeam ""]
[BlackTeam ""]
[PlyCount "171"]
[TimeControl "300+1"]

1. d4 f5 2. g3 Nf6 3. Bg2 e6 4. Nf3 d5 5. c4 c6 6. O-O Bd6 7. b3 Qe7 8. Bb2 O-O 
9. Ne5 Ne4 10. f3 Ng5 11. Nd3 Nd7 12. Nd2 Nf6 13. c5 Bc7 14. Rc1 Qe8 15. a4 Qh5 
16. Qe1 Bd7 17. Ne5 Qh6 18. b4 Be8 19. a5 Nh3+ 20. Kh1 a6 21. Bc3 g5 22. Nb3 Nd7 
23. Ra1 Rd8 24. e3 Nf6 25. Bd2 Nd7 26. Nxd7 Bxd7 27. f4 Rf6 28. Nc1 g4 
29. Qe2 Kh8 30. Re1 Qg7 31. Nd3 Rh6 32. Red1 Be8 33. Ne5 Bg6 34. Ra2 Rf8 
35. Rc1 Rb8 36. b5 axb5 37. a6 Bxe5 38. a7 Ra8 39. dxe5 Qf8 40. Bb4 Kg7 
41. Rd1 Rh5 42. Rc1 Rh6 43. Rf1 Qf7 44. Qd1 Qf8 45. Qd2 Qe7 46. Rfa1 Rh5 
47. Qd4 Qf8 48. Rd2 Qe8 49. Qb2 Rh6 50. Bf1 Rh5 51. Rdd1 Qf8 52. Ra3 Qe8 
53. Rb1 Qf8 54. Bxb5 Be8 55. Bf1 Bd7 56. Be1 Bc8 57. Qb6 Qe7 58. Ba6 bxa6 
59. Qxc6 Rxa7 60. Qxc8 Rc7 61. Qb8 d4 62. c6 Kh6 63. Bb4 Qf7 64. Rxa6 dxe3 
65. Bf8+ Kg6 66. Bd6 Nf2+ 67. Kg2 Qg7 68. Qe8+ Qf7 69. Qb8 Qg7 70. Qe8+ Qf7 
71. Qd8 Qg7 72. Bxc7 Rxh2+ 73. Kxh2 Qh6+ 74. Qh4 Qxh4+ 75. gxh4 g3+ 
76. Kxg3 Ne4+ 77. Kg2 e2 78. Bd6 Kh6 79. c7 Kh5 80. c8=Q Kg4 81. Qg8+ Kxf4 
82. Ra4 Ke3 83. Rb3+ Kd2 84. Ra2+ Kc1 85. Ba3+ Kd1 86. Rb1# 1-0

[Event "Tuesday Night Engine Tour 13 Rd Swiss 5m+1s Starts at 2200hrs"]
[Site "Infinity Chess"]
[Date "2018.1.31"]
[Round "10"]
[White "Dovahkiin"]
[Black "Victorious"]
[Result "1/2-1/2"]
[ECO "C77"]
[WhiteElo "2487"]
[BlackElo "2532"]
[WhiteEngine "BrainFish_180128_x64_modern_CTG"]
[BlackEngine "BugChess2.41_Release"]
[EventType "Swiss"]
[WhiteTeam ""]
[BlackTeam ""]
[PlyCount "76"]
[TimeControl "300+1"]

1. e4 e5 2. Nf3 Nc6 3. Bb5 a6 4. Ba4 Nf6 5. O-O Be7 6. Re1 b5 7. Bb3 O-O 
8. a4 b4 9. a5 d6 10. d3 Be6 11. Bxe6 fxe6 12. Nbd2 Qe8 13. c3 Qg6 14. d4 bxc3 
15. bxc3 exd4 16. cxd4 Na7 17. Qb3 Nh5 18. Nf1 Rab8 19. Qd3 Nb5 20. Ng3 c6 
21. Bd2 Nxg3 22. hxg3 Rbc8 23. Rac1 Rc7 24. Bb4 Rfc8 25. Qe2 h6 26. e5 d5 
27. Bxe7 Rxe7 28. Rc5 Rd7 29. Rec1 Rdc7 30. Qe3 Qg4 31. Kf1 Qe4 32. Qe2 Qg6 
33. Qc2 Qe4 34. Qe2 Qg6 35. Qc2 Qg4 36. Qd2 Qe4 37. Qe1 Qd3+ 38. Qe2 Qg6 1/2-1/2

[Event "Tuesday Night Engine Tour 13 Rd Swiss 5m+1s Starts at 2200hrs"]
[Site "Infinity Chess"]
[Date "2018.1.31"]
[Round "10"]
[White "MGR"]
[Black "incredible"]
[Result "1/2-1/2"]
[ECO "C50"]
[WhiteElo "2526"]
[BlackElo "2510"]
[WhiteEngine "asmFishW_2017-08-25_bmi2"]
[BlackEngine "Stockfish_x64_bmi2"]
[EventType "Swiss"]
[WhiteTeam ""]
[BlackTeam ""]
[PlyCount "242"]
[TimeControl "300+1"]

1. e4 e5 2. Nf3 Nc6 3. Bc4 Bc5 4. O-O d6 5. c3 Bg4 6. b4 Bb6 7. a4 a6 8. h3 Bh5 
9. d3 Nf6 10. a5 Ba7 11. Bg5 h6 12. Bh4 g5 13. Bg3 O-O 14. Nbd2 Kh7 15. Kh1 Bg6 
16. Qa4 Qd7 17. b5 Ne7 18. bxa6 Qxa4 19. Rxa4 bxa6 20. Bh2 Bb8 21. Re1 c5 
22. Nf1 Bc7 23. g4 Kg7 24. Ne3 Nd7 25. h4 f6 26. h5 Be8 27. Ra3 Nb8 28. d4 cxd4 
29. cxd4 Nbc6 30. Rc1 Bd7 31. Be2 Bd8 32. Nc4 Nc8 33. d5 N6a7 34. Ra2 Nb5 
35. Nfd2 Nd4 36. Bd1 Rf7 37. Nf3 Nb5 38. Ng1 Be8 39. Ne2 f5 40. exf5 Rd7 
41. Ba4 Rc7 42. f3 Bf7 43. Rd2 Rxc4 44. Rxc4 Bxa5 45. Rd1 Nb6 46. Bxb5 axb5 
47. Rc7 Kf8 48. Ng3 Nc4 49. Rd7 b4 50. Ne4 b3 51. Rb1 b2 52. Nxd6 Nxd6 
53. Rxb2 Rd8 54. Rxd8+ Bxd8 55. Rb8 Bxd5 56. Kg2 Nf7 57. Bxe5 Ke7 58. Bg7 Kd7 
59. Rb1 Kc6 60. Bd4 Bc7 61. Rc1+ Kd7 62. Ra1 Ne5 63. Bxe5 Bxe5 64. Ra7+ Bc7 
65. Kf2 Kd6 66. Ra6+ Bc6 67. f6 Bd8 68. f7 Be7 69. f4 Bf8 70. fxg5 hxg5 
71. Kg3 Bg7 72. Kh3 Bh6 73. Ra1 Ke7 74. Ra6 Kd6 75. Ra2 Bd5 76. Rd2 Bf8 
77. Rd1 Ke6 78. Re1+ Kxf7 79. Rf1+ Ke7 80. Rf5 Bf7 81. Rxg5 Bh6 82. Re5+ Kf6 
83. Rf5+ Kg7 84. Rc5 Be3 85. Rc6 Bg5 86. Rc5 Kh6 87. Rc6+ Kg7 88. Ra6 Be3 
89. Ra3 Bd2 90. Ra6 Be3 91. Kg3 Bd5 92. Kh4 Bf2+ 93. Kg5 Be3+ 94. Kf5 Bb7 
95. Rd6 Bc8+ 96. Ke4 Bc1 97. Kf3 Kf7 98. Kg3 Be6 99. Kh4 Kf6 100. Rd3 Bg5+ 
101. Kh3 Bc4 102. Rc3 Be6 103. Rf3+ Kg7 104. Kg3 Kh6 105. Ra3 Kg7 106. Ra6 Kf6 
107. Rb6 Kf7 108. Rb5 Kf6 109. Kf3 Bd2 110. Rb6 Kf7 111. Rb2 Bg5 112. Rb5 Bd2 
113. Re5 Kf6 114. Rb5 Bg5 115. Rb6 Bd2 116. Rd6 Bg5 117. Rd3 Bh6 118. g5+ Bxg5 
119. Kg3 Ba2 120. Kg4 Be6+ 121. Kf3 Ba2 1/2-1/2